 Dungeon Crawl Stone Soup version 0.16.1-16-gc44b35d (webtiles) character file.

648 Straightbusta the Carver (level 7, -4/56 HPs)
             Began as a Minotaur Gladiator on May 9, 2015.
             Slain by an ice beast (6 damage)
             ... on level 5 of the Dungeon.
             The game lasted 00:12:06 (3428 turns).

Straightbusta the Carver (Minotaur Gladiator)       Turns: 3428, Time: 00:12:06

Health: -4/56      AC:  4    Str: 19    XL:     7   Next: 27%
Magic:  3/3        EV: 13    Int:  5    God:
Gold:   219        SH:  0    Dex: 13    Spells: 0 memorised, 6 levels left

rFire  . . .     SeeInvis .     a - +0 long sword
rCold  . . .     Clarity  .     b - +0 leather armour
rNeg   + . .     SustAb   .     (no shield)
rPois  .         Gourm    +     c - +0 hat
rElec  .         Spirit   .     q - +0 cloak
rCorr  .         Warding  .     (no gloves)
rMut   .         Stasis   .     (no boots)
MR     .....                    h - amulet of the gourmand
Stlth  +.........               (no ring)
                                e - ring of positive energy (curse)

@: not resistant to hostile enchantments, very unstealthy
A: retaliatory headbutt, horns 2
a: no special abilities


You were on level 5 of the Dungeon.
You were hungry.

You visited 1 branch of the dungeon, and saw 5 of its levels.

You collected 219 gold pieces.

Inventory:

Hand weapons
 a - a +0 long sword (weapon)
Missiles
 d - 3 throwing nets (quivered)
Armour
 b - a +0 leather armour (worn)
 c - a +0 hat (worn)
 q - a +0 cloak (worn)
Jewellery
 e - a cursed ring of positive energy (left hand)
 h - an amulet of the gourmand (around neck)
 u - an uncursed ring of fire
Magical devices
 z - a wand of slowing (46)
Scrolls
 l - a scroll of blinking
Potions
 i - a potion of flight
 k - 2 potions of restore abilities
 m - 2 potions of curing {unknown}
 n - 4 potions of agility
 r - 3 potions of poison {unknown}
 s - a potion of heal wounds {unknown}
 B - a potion of degeneration {unknown}
Comestibles
 f - 3 bread rations
 g - 3 beef jerkies
 j - 2 slices of pizza
 x - 3 fruits


   Skills:
 - Level 2.4 Fighting
 + Level 10.1 Long Blades
 - Level 2.0 Throwing
 - Level 3.2 Dodging


You had 6 spell levels left.
You didn't know any spells.

Dungeon Overview and Level Annotations

Branches:
Dungeon (5/15)
 Temple: D:4-7

Altars:
Ashenzari
Cheibriados
Gozag
Makhleb


Innate Abilities, Weirdness & Mutations

You reflexively headbutt those who attack you in melee.
You have a pair of horns on your head.


Message History

You barely miss the ice beast. Your headbutt misses the ice beast.
The ice beast is lightly wounded.
The ice beast closely misses you.
You slash the ice beast! Your headbutt misses the ice beast.
The ice beast is moderately wounded.
The ice beast hits you. The ice beast freezes you.
You hit the ice beast. Your headbutt misses the ice beast.
The ice beast is moderately wounded.
The ice beast hits you. The ice beast freezes you!
You hit the ice beast but do no damage.
The ice beast is moderately wounded.
The ice beast hits you. The ice beast freezes you!
* * * LOW HITPOINT WARNING * * *
You are too injured to fight recklessly!
You slash the ice beast!
The ice beast is severely wounded.
The ice beast hits you.
* * * LOW HITPOINT WARNING * * *
The ice beast freezes you.
You die...

).#...>...........#
...................#
#...#...............##
.....#.(..............#
........................#
.......#................#
......................#
##..#.####...........
#...Y@.....#........?
#..#.###.............#
... ... ######........ .
#...≈ #....... #..≈≈
....... #.≈≈≈ ......
#.≈§§ ..... .≈≈≈ # . ≈


You could see an ice beast.

Vanquished Creatures
  The ghost of trantor the Slasher, an average HESk of Okawaru (D:4)
  Sigmund (D:4)
  2 scorpions
  Crazy Yiuf (D:2)
  An orc priest (D:3)
  A giant frog skeleton (D:5)
  2 hounds
  A worker ant (D:4)
  Ijyb (D:2)
  Robin (D:4)
  7 adders
  A gnoll (D:3)
  A giant mite (D:1)
  A worm (D:3)
  2 giant geckos
  4 oozes
  5 orcs (D:3)
  3 giant cockroaches
  13 goblins
  6 hobgoblins
  6 jackals
  A ball python (D:4)
  7 bats
  5 giant newts
  10 kobolds
  6 rats
90 creatures vanquished.

Notes
Turn   | Place    | Note
--------------------------------------------------------------
     0 | D:1      | Straightbusta, the Minotaur Gladiator, began the quest for the Orb.
     0 | D:1      | Reached XP level 1. HP: 18/18 MP: 1/1
    75 | D:1      | Reached skill level 4 in Long Blades
   126 | D:1      | Reached XP level 2. HP: 18/25 MP: 1/1
   270 | D:1      | Reached skill level 5 in Long Blades
   337 | D:1      | Reached XP level 3. HP: 30/30 MP: 2/2
   550 | D:2      | Noticed Crazy Yiuf
   560 | D:2      | Killed Crazy Yiuf
   673 | D:2      | Reached XP level 4. HP: 18/37 MP: 2/2
   835 | D:2      | Reached skill level 6 in Long Blades
   853 | D:2      | Found a shattered altar of Ashenzari.
  1362 | D:2      | Noticed Ijyb
  1370 | D:2      | Killed Ijyb
  1485 | D:2      | Found a burning altar of Makhleb.
  1682 | D:3      | Reached XP level 5. HP: 42/42 MP: 2/2
  1716 | D:3      | Reached skill level 7 in Long Blades
  2198 | D:3      | Reached skill level 8 in Long Blades
  2198 | D:3      | Reached XP level 6. HP: 30/50 MP: 3/3
  2510 | D:3      | Found a snail-covered altar of Cheibriados.
  2711 | D:4      | Noticed Sigmund
  2713 | D:4      | Noticed trantor's ghost (average HESk)
  2735 | D:4      | Killed Sigmund
  2873 | D:4      | Noticed Robin
  2883 | D:4      | Killed Robin
  2907 | D:4      | Reached skill level 9 in Long Blades
  2967 | D:4      | Found an opulent altar of Gozag.
  3067 | D:4      | Killed trantor's ghost
  3067 | D:4      | Reached XP level 7. HP: 48/56 MP: 3/3
  3084 | D:4      | Reached skill level 10 in Long Blades
  3393 | D:5      | Entered Level 5 of the Dungeon
  3428 | D:5      | HP: 2/56 [ice beast (1)]
  3428 | D:5      | Slain by an ice beast

Action                   |  1- 3 |  4- 6 |  7- 9 || total
-------------------------+-------+-------+-------++-------
Melee: Long sword        |    54 |   161 |    29 ||   244
  Use: Scroll            |       |    13 |       ||    13
       Potion            |       |     4 |       ||     4
  Eat: Chunk             |       |     9 |       ||     9
